 Dungeon Crawl Stone Soup version 0.17-a0-1337-ge651487 (webtiles) character file.

106 Alarkh the Poker (level 4, 0/33 HPs)
             Began as a Mummy Warper on June 10, 2015.
             Was a Follower of Nemelex Xobeh.
             Killed from afar by an orc wizard (13 damage)
             ... with a puff of flame
             ... on level 2 of the Dungeon.
             The game lasted 00:05:33 (3166 turns).

Alarkh the Poker (Mummy Warper)                     Turns: 3166, Time: 00:05:34

Health: 0/33       AC:  6    Str: 14    XL:     4   Next: 55%
Magic:  7/7        EV:  8    Int: 13    God:    Nemelex Xobeh [*.....]
Gold:   132        SH:  7    Dex: 15    Spells: 1 memorised, 6 levels left

rFire  x . .     SeeInvis .     a - +0 spear
rCold  + . .     Clarity  .     f - +0 ring mail
rNeg   + + +     SustAt   .     p - +0 shield
rPois  ∞         Gourm    .     h - +0 helmet
rElec  .         Spirit   .     (no cloak)
rCorr  .         Warding  .     (no gloves)
rMut   .         Stasis   .     (no boots)
MR     .....                    (no amulet)
Stlth  +.........               (no ring)
                                n - +4 ring of dexterity

@: not resistant to hostile enchantments, very unstealthy
A: no food or potions, fire vulnerability, cold resistance 1, negative energy
resistance 3, torment resistance, unbreathing
a: Renounce Religion


You were on level 2 of the Dungeon.
You worshipped Nemelex Xobeh.
Nemelex Xobeh was aware of your devotion.
You were not hungry.

You visited 1 branch of the dungeon, and saw 3 of its levels.

You collected 132 gold pieces.

Inventory:

Hand weapons
 a - a +0 spear (weapon)
Missiles
 e - 5 tomahawks of dispersal (quivered)
Armour
 b - a +0 leather armour
 f - a +0 ring mail (worn)
 h - a +0 helmet (worn)
 p - a +0 shield (worn)
Jewellery
 n - a +4 ring of dexterity (left hand)
Scrolls
 d - a scroll of blinking
 g - a scroll of amnesia
 j - a scroll of fear {unknown}
 k - a scroll of magic mapping
 l - a scroll of fog {unknown}
Books
 c - a book of Spatial Translocations

   Spells                             Type                      Level
   a - Apportation                    Translocation                1
   b - Blink                          Translocation                2
   c - Shroud of Golubria             Charms/Translocation         2
   d - Portal Projectile              Translocation                3
   e - Teleport Other                 Translocation                3
   f - Passage of Golubria            Translocation                4
Miscellaneous
 i - a plain deck of destruction {drawn: 2}


   Skills:
 - Level 2.0 Fighting
 * Level 3.6 Polearms
 - Level 0.7 Throwing
 - Level 0.7 Armour
 - Level 1.5 Dodging
 - Level 2.0 Spellcasting
 - Level 2.4 Translocations
 + Level 1.2 Evocations


You had 6 spell levels left.
You knew the following spells:

 Your Spells              Type           Power        Failure   Level  Hunger
a - Apportation           Tloc           #.........   98%         1    N/A

Dungeon Overview and Level Annotations

Branches:
Dungeon (3/15)

Altars:
Nemelex Xobeh

Annotations:
D:3 asdu's ghost, weakling VSSk


Innate Abilities, Weirdness & Mutations

You do not eat or drink.
Your flesh is vulnerable to fire.
You are immune to poison.
Your flesh is cold resistant.
You are immune to negative energy.
You are immune to unholy pain and torment.
You can survive without breathing.


Message History

You hit something but do no damage.
You hear some strange, mumbled words.
A puff of frost appears from out of thin air!
You block the puff of frost.
You closely miss something. You block its attack.
Something hits you but does no damage.
You closely miss something. You barely miss something.
Something hits you but does no damage.
You hear some strange, mumbled words.
A magic dart appears from out of thin air!
The magic dart hits you!
Your shield prevents you from hitting something.
Something hits you but does no damage. Something hits you.
You hit something. Something hits you.
You barely miss something. Something hits you but does no damage.
You hear some strange, mumbled words.
A puff of flame appears from out of thin air!
The puff of flame hits you! The fire burns you terribly!
You die...
Your body disappears without a glow.

%...................####>###
#.# ........#.....†######
#.# #.# #.........####)# #.#
#.# #.......### #.# #.# #.#
........# #)#########.# #.#
#<(.....# #.#.........# #.#
#.......# ####.......#####
#.# #.......#
#..........#########.#
.#.#.####
#.###.@..............#
###..######.#
#.{)...########### #
##......#.# #.##.###
###.........# #.##.#
.#...####.### #.##.# #.##.#
#.# #.##.# #....# #.# #.##.#
#.#### #.#####.##.# #.#
#####..........#


There were no monsters in sight!

Vanquished Creatures
  6 adders
  A worm (D:1)
  3 giant geckos
  An orc (D:2)
  A ball python (D:2)
  A giant cockroach (D:1)
  9 hobgoblins
  5 kobolds
  2 quokkas (D:2)
  6 bats
  2 giant newts (D:2)
  8 goblins
  3 rats
48 creatures vanquished.

Notes
Turn   | Place    | Note
--------------------------------------------------------------
     0 | D:1      | Alarkh the Mummy Warper began the quest for the Orb.
     0 | D:1      | Reached XP level 1. HP: 16/16 MP: 3/3
   428 | D:1      | Found a sparkling altar of Nemelex Xobeh.
   440 | D:1      | Reached XP level 2. HP: 15/22 MP: 5/5
   473 | D:1      | Became a worshipper of Nemelex Xobeh the Trickster
   779 | D:1      | Received a gift from Nemelex Xobeh
  1595 | D:2      | Reached XP level 3. HP: 15/27 MP: 6/6
  1886 | D:2      | Reached skill level 3 in Polearms
  2005 | D:2      | Reached skill level 1 in Evocations
  2404 | D:2      | Reached XP level 4. HP: 24/33 MP: 7/7
  2698 | D:3      | Noticed asdu's ghost (weakling VSSk)
  3166 | D:2      | Killed from afar by an orc wizard

Vault maps used:
D:1:      onia_arrival_pentagram, nemelex_xobeh_ov_fountains_minmay
D:3:      minmay_misc_feat_four_crosses, minmay_surrounded, uniq_sigmund,
          uniq_terence

Action                   |  1- 3 |  4- 6 || total
-------------------------+-------+-------++-------
Melee: Spear             |   181 |   117 ||   298
Evoke: Deck              |     2 |       ||     2
  Use: Scroll            |     1 |     3 ||     4
 Stab: Sleeping          |       |     2 ||     2
